[Event "ICC tourney 2148 (70 10)"]
[Site "Internet Chess Club"]
[Date "2020.11.21"]
[Round "3"]
[White "Kentnar"]
[Black "KottertheOtter"]
[Result "1-0"]
[ICCResult "Black resigns"]
[WhiteElo "1159"]
[BlackElo "896"]
[Opening "French: exchange variation"]
[ECO "C01"]
[NIC "FR.01"]
[Time "19:35:34"]
[TimeControl "4200+10"]

1. e4 e6 2. d4 d5 3. exd5 Qxd5 4. Nc3 Qd8 5. Nf3 Nc6 6. Bb5 Bd7 7. Ne5 Nge7
8. Nxd7 Qxd7 9. O-O O-O-O 10. Be3 Nf5 11. Qf3 Qd6 12. Bxc6 bxc6 13. Rfd1
Nxe3 14. fxe3 c5 15. dxc5 Qd5 16. Nxd5 exd5 17. Rxd5 g6 18. Qg4+ f5 19.
Rxd8+ Kxd8 20. Rd1+ Ke8 21. Rd8+ Kxd8 22. Qd4+ Ke8 23. Qxh8 h5 24. Kf2 Kf7
25. b4 Bg7 26. Qc8 Be5 27. Qb7 Bxh2 28. g3 f4 29. exf4 h4 30. Qd5+ Kg7 31.
Qd7+ Kh6 32. Qh3 Bxg3+ 33. Kf3 a6 34. Qe6 Kh5 35. a4 g5 36. Qg4+ Kg6 37.
Qxg5+ Kf7 38. b5 axb5 39. axb5 Be1 40. c6 h3 41. Qh5+ Ke7 42. Qxh3 Ba5 43.
c4 Kd6 44. Qd7+ Kc5 45. Qd5+ Kb4 46. f5 Bb6 47. f6 Bc5 48. Qxc5+ Kxc5 49. f7
Kxc4 50. f8=Q Kxb5 51. Qf6 Kb6 52. Ke4 Ka7 53. Kd5 Kb6 54. Qb2+ {Black
resigns} 1-0

[Event "ICC tourney 2148 (70 10)"]
[Site "Internet Chess Club"]
[Date "2020.11.21"]
[Round "3"]
[White "missqueen"]
[Black "masterDavid"]
[Result "1-0"]
[ICCResult "Black checkmated"]
[WhiteElo "1026"]
[BlackElo "102"]
[Opening "Sicilian: accelerated fianchetto, Maróczy bind, 6.Be3"]
[ECO "B38"]
[NIC "SI.43"]
[Time "19:35:56"]
[TimeControl "4200+10"]

1. e4 c5 2. Nf3 g6 3. d4 cxd4 4. Nxd4 Bg7 5. c4 Nc6 6. Be3 e5 7. Nxc6 bxc6
8. f3 Nf6 9. Nc3 Bb7 10. Qb3 Qc7 11. O-O-O O-O 12. c5 Rab8 13. Qc2 d5 14.
cxd6 Qd7 15. Bc4 Ne8 16. h4 c5 17. h5 gxh5 18. Rxh5 Nf6 19. Rhh1 Bc6 20. Bg5
Qb7 21. b3 Qb4 22. Bh6 Qa3+ 23. Kb1 Qb4 24. Bxg7 Kxg7 25. Qd2 Qxc4 26. Qh6+
Kg8 27. Qg5+ Kh8 28. Qxf6+ Kg8 29. Qh6 Rxb3+ 30. axb3 Qxb3+ 31. Ka1 Qxc3+
32. Ka2 Qa5+ 33. Kb3 Qb4+ 34. Kc2 Ba4+ 35. Kd3 Qb3+ 36. Kd2 Qb2+ 37. Ke3
Bxd1 38. Qxh7# {Black checkmated} 1-0

[Event "ICC tourney 2148 (70 10)"]
[Site "Internet Chess Club"]
[Date "2020.11.21"]
[Round "3"]
[White "AwesomeWarrior"]
[Black "StockAlpha2020"]
[Result "1/2-1/2"]
[ICCResult "Game drawn by mutual agreement"]
[WhiteElo "1014"]
[BlackElo "1234"]
[Opening "Giuoco Piano"]
[ECO "C50"]
[NIC "IG.02"]
[Time "19:35:30"]
[TimeControl "4200+10"]

1. e4 e5 2. Nf3 Nc6 3. Bc4 Bc5 4. O-O Nf6 5. Nc3 d6 6. h3 O-O 7. d3 h6 8.
Be3 Bb6 9. Qd2 Kh7 10. Rad1 Be6 11. Bb3 Qd7 12. Qe2 Nd4 13. Bxd4 exd4 14.
Nd5 Nxd5 15. exd5 Bf5 16. Nh4 Rae8 17. Qf3 Bg6 18. Rde1 Qd8 19. Nf5 Qf6 20.
Ng3 Qxf3 21. gxf3 Ba5 22. Re2 Rxe2 23. Nxe2 Bb6 24. f4 Bf5 25. Kg2 c6 26.
Ng3 Bd7 27. Re1 Re8 28. Rxe8 Bxe8 29. Nf5 Bc5 30. Ba4 b5 31. Bb3 a5 32. a4
g6 33. Ne7 cxd5 34. Nxd5 bxa4 35. Nf6+ Kh8 36. Bd5 Bb5 37. Ne4 f5 38. Nd2
Bb4 39. Nf3 Bc5 40. Nd2 {Game drawn by mutual agreement} 1/2-1/2

[Event "ICC tourney 2148 (70 10)"]
[Site "Internet Chess Club"]
[Date "2020.11.21"]
[Round "3"]
[White "tundrarules"]
[Black "Onestepahead9"]
[Result "1-0"]
[ICCResult "Black checkmated"]
[WhiteElo "1102"]
[BlackElo "718"]
[Opening "Giuoco Pianissimo: Canal variation"]
[ECO "C55"]
[NIC "IG.01"]
[Time "19:35:18"]
[TimeControl "4200+10"]

1. e4 e5 2. Nf3 Nc6 3. Bc4 Nf6 4. Nc3 Bc5 5. d3 d6 6. Bg5 h6 7. Bh4 g5 8.
Bg3 Bg4 9. h3 Bh5 10. Na4 Nd4 11. Nxc5 dxc5 12. Bxe5 Bxf3 13. gxf3 Nc6 14.
Bb5 a6 15. Bxc6+ bxc6 16. Qd2 Qe7 17. Qc3 Nxe4 18. fxe4 Rg8 19. Bf6 Qe6 20.
Qe5 Qxe5 21. Bxe5 g4 22. hxg4 Rxg4 23. Bxc7 Kd7 24. Bg3 Rh8 25. Ke2 h5 26.
Kf3 Rg6 27. Rh3 Rf6+ 28. Ke3 Rfh6 29. Bf4 R6h7 30. Be5 Re8 31. Bf4 h4 32.
Bg5 Rb8 33. b3 Re8 34. f3 f5 35. Rxh4 Rg7 36. Bf4 Rg2 37. Rh7+ Kd8 38. Rc1
Kc8 39. Rc7+ Kd8 40. Rxc6 fxe4 41. fxe4 Rh8 42. Rxc5 Rh3+ 43. Kd4 Rg7 44.
Rg5 Rd7+ 45. Rd5 Rxd5+ 46. Kxd5 Rh5+ 47. Kd4 Ra5 48. a4 Rh5 49. Rg1 Rh7 50.
Be5 Rd7+ 51. Ke3 Rh7 52. Rg8+ Ke7 53. Rg7+ Rxg7 54. Bxg7 Kd6 55. e5+ Ke6 56.
d4 a5 57. d5+ Kxd5 58. c4+ Kc5 59. Kd3 Kb4 60. Kc2 Kc5 61. Bf8+ Kd4 62. e6
Ke5 63. e7 Kf6 64. e8=Q Kg5 65. Qe5+ Kh4 66. Be7+ Kh3 67. Qf5+ Kh2 68. Bd6+
Kh1 69. Qf3+ Kg1 70. Bc5+ Kh2 71. Qg4 Kh1 72. Qg1# {Black checkmated} 1-0

[Event "ICC tourney 2148 (70 10)"]
[Site "Internet Chess Club"]
[Date "2020.11.21"]
[Round "3"]
[White "aidanpatty"]
[Black "JaiO"]
[Result "0-1"]
[ICCResult "White checkmated"]
[WhiteElo "1133"]
[BlackElo "1049"]
[Opening "QGD: Marshall defense"]
[ECO "A50"]
[NIC "QP.07"]
[Time "19:35:21"]
[TimeControl "4200+10"]

1. d4 Nf6 2. c4 d5 3. cxd5 Nxd5 4. e4 Nb6 5. Nf3 Nc6 6. Nc3 Bg4 7. Be3 e5 8.
d5 Nb8 9. Be2 c6 10. Nxe5 Bxe2 11. Qxe2 cxd5 12. Rd1 N8d7 13. Nxd7 Qxd7 14.
Nxd5 Nxd5 15. Rxd5 Qc7 16. O-O Bd6 17. f4 f6 18. Rc1 Qe7 19. Bc5 Bxc5+ 20.
Rcxc5 O-O 21. e5 Rad8 22. Rxd8 Qxc5+ 23. Qf2 Qxf2+ 24. Kxf2 Rxd8 25. e6 Rd2+
26. Ke3 Rxb2 27. Kd4 Kf8 28. Kd5 Ke7 29. f5 Rxa2 30. g4 Rxh2 31. Ke4 b5 32.
Kd3 b4 33. Kc4 Rh4 34. Kxb4 Rxg4+ 35. Ka5 Rf4 36. Ka6 Rxf5 37. Kxa7 Kxe6 38.
Kb6 h5 39. Kc6 h4 40. Kc7 h3 41. Kb6 h2 42. Kc6 h1=Q+ 43. Kc7 Qc1+ 44. Kb7
Rb5+ 45. Ka6 Rb2 46. Ka5 Qa1# {White checkmated} 0-1

[Event "ICC tourney 2148 (70 10)"]
[Site "Internet Chess Club"]
[Date "2020.11.21"]
[Round "3"]
[White "swathivjdp"]
[Black "saharsh2"]
[Result "1-0"]
[ICCResult "Black checkmated"]
[WhiteElo "153"]
[BlackElo "864"]
[Opening "Hungarian defense"]
[ECO "C50"]
[NIC "IG.03"]
[Time "19:35:22"]
[TimeControl "4200+10"]

1. e4 e5 2. Nf3 Nc6 3. Bc4 Be7 4. Nc3 Nf6 5. d3 O-O 6. O-O d6 7. h3 a6 8. a4
a5 9. b3 Nd4 10. Be3 Nxf3+ 11. Qxf3 c6 12. d4 exd4 13. Bxd4 c5 14. Be3 Ne8
15. Rad1 Nc7 16. Bxc5 Be6 17. e5 d5 18. Bxe7 Qxe7 19. Nxd5 Bxd5 20. Bxd5
Nxd5 21. Qxd5 Rfd8 22. Qe4 Rxd1 23. Rxd1 g6 24. Qd5 Re8 25. f4 Ra8 26. Qd6
Kf8 27. Kf2 Ke8 28. Qxe7+ Kxe7 29. Rd2 Rd8 30. Rxd8 Kxd8 31. Ke3 Kc7 32. Kd4
Kc6 33. c4 b6 34. h4 h5 35. g3 f5 36. e6 Kd6 37. c5+ bxc5+ 38. Kc4 Kxe6 39.
Kxc5 Kd7 40. Kb5 Kd6 41. Kxa5 Kd5 42. Kb6 Ke4 43. a5 Kf3 44. a6 Kxg3 45. a7
Kxf4 46. a8=Q Kg4 47. Qh1 f4 48. Kc5 Kg3 49. Kd4 f3 50. Ke3 f2 51. Qf3+ Kxh4
52. Qxf2+ Kg4 53. Qg2+ Kf5 54. b4 h4 55. b5 g5 56. b6 g4 57. b7 h3 58. Qg3
h2 59. Qxh2 Kg5 60. b8=Q g3 61. Qhxg3+ Kf6 62. Qbe5+ Kf7 63. Qgg7#
{Black checkmated}
1-0

[Event "ICC tourney 2148 (70 10)"]
[Site "Internet Chess Club"]
[Date "2020.11.21"]
[Round "3"]
[White "funstyle"]
[Black "Fresjavacado"]
[Result "0-1"]
[ICCResult "White checkmated"]
[WhiteElo "1052"]
[BlackElo "855"]
[Opening "Giuoco Pianissimo: Italian four knights variation"]
[ECO "C28"]
[NIC "VG.02"]
[Time "19:35:36"]
[TimeControl "4200+10"]

1. e4 e5 2. Bc4 Nf6 3. Nc3 Nc6 4. d3 Bc5 5. Nf3 O-O 6. O-O a6 7. Be3 Bxe3 8.
fxe3 b5 9. Bb3 b4 10. Nd5 a5 11. Nxf6+ Qxf6 12. Nd4 Qe7 13. Nf5 Qc5 14. Qg4
g6 15. Nh6+ Kg7 16. Qg5 f6 17. Qh4 Qxe3+ 18. Kh1 Qxh6 19. Qf2 f5 20. Qc5 Bb7
21. Bd5 Ra6 22. Bxc6 Rxc6 23. Qxe5+ Rff6 24. exf5 Rxc2 25. fxg6 Bxg2+ 26.
Kg1 Bxf1 27. Qe7+ Kxg6 28. Qe4+ Kf7 29. Qd5+ Ke7 30. Qe5+ Re6 31. Qd4 Qxh2+
32. Kxf1 Qh1+ 33. Qg1 Rf6+ 34. Ke1 Qxg1# {White checkmated} 0-1

[Event "ICC tourney 2148 (70 10)"]
[Site "Internet Chess Club"]
[Date "2020.11.21"]
[Round "3"]
[White "aWildNateDawg"]
[Black "Outschoorn"]
[Result "1-0"]
[ICCResult "Black checkmated"]
[WhiteElo "243"]
[BlackElo "1123"]
[Opening "Ruy Lopez: Bird's defense"]
[ECO "C61"]
[NIC "RL.05"]
[Time "19:35:22"]
[TimeControl "4200+10"]

1. e4 e5 2. Nf3 Nc6 3. Bb5 Nd4 4. Bc4 Qf6 5. Nxd4 exd4 6. O-O Bc5 7. d3 d6
8. Nd2 Be6 9. Bxe6 fxe6 10. Nf3 h6 11. Bd2 O-O-O 12. b4 Bb6 13. a4 c5 14. a5
Bc7 15. Qb1 cxb4 16. Qxb4 Ne7 17. Qxd4 Qxd4 18. Nxd4 e5 19. Ne6 Rdg8 20.
Nxc7 Kxc7 21. f4 exf4 22. Rxf4 g5 23. Rf7 Kd8 24. Bc3 Rf8 25. Rxf8+ Rxf8 26.
Bg7 Rf7 27. Bxh6 g4 28. Bg5 Kc8 29. Bxe7 Rxe7 30. Kf2 Rf7+ 31. Kg3 Rc7 32.
c4 Rg7 33. Rf1 Kd7 34. Rf4 Ke6 35. Rxg4 Rxg4+ 36. Kxg4 Ke5 37. Kg5 Kd4 38.
h4 Kxd3 39. h5 Kxe4 40. h6 Kd4 41. h7 Kxc4 42. h8=Q d5 43. Qc8+ Kb5 44.
Qxb7+ Kxa5 45. Qxd5+ Kb6 46. Kf5 a5 47. g4 a4 48. g5 a3 49. Qb3+ Ka5 50. g6
a2 51. Qxa2+ Kb4 52. g7 Kc3 53. g8=Q Kd3 54. Qgb3+ Kd4 55. Qf2#
{Black checkmated}
1-0

[Event "ICC tourney 2148 (70 10)"]
[Site "Internet Chess Club"]
[Date "2020.11.21"]
[Round "3"]
[White "nocturnalplayz"]
[Black "mohitmukkollu"]
[Result "0-1"]
[ICCResult "White resigns"]
[WhiteElo "925"]
[BlackElo "1227"]
[Opening "Philidor's defense"]
[ECO "C41"]
[NIC "KP.10"]
[Time "19:35:10"]
[TimeControl "4200+10"]

1. e4 e5 2. Nf3 d6 3. h3 Nf6 4. Nc3 Be6 5. d3 Be7 6. d4 exd4 7. Nxd4 O-O 8.
Nxe6 fxe6 9. Bc4 Qd7 10. O-O Nc6 11. Bb5 a6 12. Bc4 Rad8 13. Be3 Kh8 14. Qd2
b5 15. Bb3 Na5 16. Rad1 Nxb3 17. cxb3 Qc6 18. Qd4 e5 19. Qb4 Ra8 20. Rfe1
Rfe8 21. Nd5 Qc2 22. Rd2 Nxd5 23. Rxd5 c5 24. Rd2 cxb4 25. Rxc2 h6 26. Rec1
Kg8 27. f4 Kf7 28. Kf2 Ke6 29. Kf3 Bf6 30. fxe5 Bxe5 31. Bf4 Rf8 32. g3 g5
33. Ke3 gxf4+ 34. gxf4 Bxf4+ 35. Kd4 Bxc1 36. Rxc1 Rac8 {White resigns} 0-1

[Event "ICC tourney 2148 (70 10)"]
[Site "Internet Chess Club"]
[Date "2020.11.21"]
[Round "3"]
[White "Sid907"]
[Black "king2f8"]
[Result "1/2-1/2"]
[ICCResult "White stalemated"]
[WhiteElo "562"]
[BlackElo "541"]
[Opening "QGD: 4.Bg5"]
[ECO "D50"]
[NIC "QO.16"]
[Time "19:35:10"]
[TimeControl "4200+10"]

1. d4 d5 2. c4 e6 3. Nc3 Nf6 4. Bg5 Bb4 5. Bd2 dxc4 6. e3 O-O 7. Bxc4 Nc6 8.
a3 Bxc3 9. Bxc3 Ne4 10. Bd3 f5 11. Bxe4 fxe4 12. Qc2 Qd5 13. f3 Qf5 14. Qxe4
Qxe4 15. fxe4 Bd7 16. e5 Rf7 17. Nf3 Raf8 18. O-O h6 19. Rad1 Kh8 20. d5
exd5 21. Rxd5 Be6 22. Rdd1 Bc4 23. Rfe1 Be6 24. Nh4 Bf5 25. Nxf5 Rxf5 26.
Rd7 Nxe5 27. Bxe5 Rxe5 28. Rxc7 Rb5 29. Rc2 Re8 30. e4 Kg8 31. Rf2 Rbe5 32.
Rfe2 Kh8 33. h3 Kg8 34. Kh2 Kh7 35. Kg3 Rg5+ 36. Kf4 Rf8+ 37. Ke3 Rg3+ 38.
Kd2 Rd8+ 39. Kc1 Rg6 40. g4 Rc6+ 41. Rc2 Rdc8 42. Rxc6 Rxc6+ 43. Kd2 Kg6 44.
e5 Kf7 45. Kd3 Ke6 46. Kd4 Rc2 47. Rb1 Rh2 48. Re1 Rxh3 49. Re2 Rh4 50. Re4
h5 51. gxh5 Rxh5 52. Re1 Rh4+ 53. Re4 Rxe4+ 54. Kxe4 g5 55. a4 g4 56. Kf4 g3
57. Kxg3 Kxe5 58. Kf3 Kd4 59. Ke2 Kc4 60. Kd2 Kb4 61. Kc2 Kxa4 62. Kc3 b5
63. Kc2 a5 64. Kc3 b4+ 65. Kc2 Kb5 66. b3 a4 67. bxa4+ Kxa4 68. Kb2 b3 69.
Kb1 Ka3 70. Ka1 Kb4 71. Kb2 Ka4 72. Kb1 Ka3 73. Ka1 b2+ 74. Kb1 Kb3
{White stalemated}
1/2-1/2

[Event "ICC tourney 2148 (70 10)"]
[Site "Internet Chess Club"]
[Date "2020.11.21"]
[Round "3"]
[White "Deng20"]
[Black "DungBeetle"]
[Result "0-1"]
[ICCResult "White checkmated"]
[WhiteElo "769"]
[BlackElo "1135"]
[Opening "Sicilian defense"]
[ECO "B40"]
[NIC "SI.43"]
[Time "19:35:07"]
[TimeControl "4200+10"]

1. e4 c5 2. Nf3 e6 3. Bc4 Nc6 4. d3 d5 5. exd5 exd5 6. Bb3 Nf6 7. Bg5 Be7 8.
Nbd2 h6 9. Bh4 O-O 10. O-O b6 11. c4 d4 12. Ba4 Bb7 13. Re1 Re8 14. Bxc6
Bxc6 15. b3 Qc7 16. a4 g5 17. Bg3 Bd6 18. Rxe8+ Rxe8 19. Bxd6 Qxd6 20. a5 g4
21. Nh4 Qf4 22. axb6 axb6 23. Ra6 Re6 24. Rxb6 Bf3 25. Nhxf3 Rxb6 26. Nh4
Ra6 27. g3 Qb8 28. Qe2 Ra1+ 29. Kg2 Qb7+ 30. f3 Ra2 31. Kg1 Qb4 32. fxg4
Qxd2 33. Qxd2 Rxd2 34. Nf5 Nxg4 35. h3 Rd1+ 36. Kg2 Ne3+ 37. Kf2 Nxf5 38.
Kg2 Rxd3 39. Kf2 Rxg3 40. h4 Rxb3 41. h5 Ne3 42. Ke2 Nxc4 43. Kd1 f5 44. Ke2
d3+ 45. Ke1 f4 46. Kf2 d2 47. Ke2 f3+ 48. Kd1 f2 49. Ke2 Re3+ 50. Kxf2 d1=Q
51. Kg2 Qd2+ 52. Kg1 Re1# {White checkmated} 0-1

[Event "ICC tourney 2148 (70 10)"]
[Site "Internet Chess Club"]
[Date "2020.11.21"]
[Round "3"]
[White "EricCheng-131"]
[Black "RahulPeesa"]
[Result "1-0"]
[ICCResult "Black resigns"]
[WhiteElo "1110"]
[BlackElo "1238"]
[Opening "Caro-Kann: classical variation"]
[ECO "B18"]
[NIC "CK.10"]
[Time "19:35:38"]
[TimeControl "4200+10"]

1. e4 c6 2. d4 d5 3. Nc3 dxe4 4. Nxe4 Bf5 5. Ng3 Bg6 6. Nf3 e6 7. Be2 Nf6 8.
O-O Bd6 9. Bg5 Nbd7 10. Re1 O-O 11. c4 h6 12. Bh4 Be7 13. Bd3 Bxd3 14. Bxf6
Nxf6 15. Qxd3 Rc8 16. Ne4 Nxe4 17. Rxe4 Bf6 18. Rg4 Qb6 19. b3 Rfd8 20. Qe3
h5 21. Rg3 g6 22. Rd1 Rc7 23. Qf4 Bg7 24. Ne5 f6 25. Nxg6 Rcd7 26. Rgd3 e5
27. Qe4 Rxd4 28. Rxd4 Rxd4 29. Rxd4 Qxd4 30. Ne7+ Kf7 31. Qg6+ Kxe7 32.
Qxg7+ Ke6 33. Qg8+ Kd6 34. Qf8+ Kc7 35. Qe7+ Qd7 36. Qxd7+ Kxd7 37. f3 Kd6
38. g4 hxg4 39. fxg4 Ke6 40. h4 e4 41. Kf2 Ke5 42. Ke3 c5 43. h5 f5 44. gxf5
Kxf5 45. h6 Kg6 46. Kxe4 Kxh6 47. Kd5 b6 48. Kc6 Kg6 49. Kb7 b5 50. cxb5 Kf5
51. Kxa7 Ke4 52. b6 Kd4 53. b7 c4 54. bxc4 Kxc4 55. b8=Q Kc5 {Black resigns}
1-0

[Event "ICC tourney 2148 (70 10)"]
[Site "Internet Chess Club"]
[Date "2020.11.21"]
[Round "3"]
[White "joshbleicher"]
[Black "meiyab"]
[Result "1-0"]
[ICCResult "Black checkmated"]
[WhiteElo "781"]
[BlackElo "918"]
[Opening "Scotch game"]
[ECO "C45"]
[NIC "SO.05"]
[Time "19:35:28"]
[TimeControl "4200+10"]

1. e4 e5 2. Nf3 Nc6 3. d4 exd4 4. Nxd4 Bc5 5. Be3 Nxd4 6. Bxd4 Bxd4 7. Qxd4
Qf6 8. e5 Qb6 9. Qxb6 axb6 10. Nc3 Ne7 11. Nb5 O-O 12. Nxc7 Ra5 13. Bb5 Nc6
14. a4 Nd4 15. O-O-O Nxb5 16. Nxb5 Rxa4 17. Na3 Re8 18. Rhe1 Ra5 19. f4 Ra4
20. g3 d5 21. exd6 Rxe1 22. Rxe1 Bd7 23. Re7 Bc6 24. d7 Ra8 25. Nc4 b5 26.
Ne5 Kf8 27. Rxf7+ Kg8 28. Re7 Kf8 29. Re6 Rd8 30. Nxc6 bxc6 31. Rxc6 Rxd7
32. Rc5 Rb7 33. c4 bxc4 34. Rxc4 Ke7 35. b4 Kd6 36. Kc2 Kd5 37. Kd3 Ra7 38.
Rc5+ Kd6 39. Kc4 Ra2 40. Rh5 h6 41. Rd5+ Kc6 42. b5+ Kc7 43. h4 Rg2 44. Rd3
Kb6 45. Rd6+ Kc7 46. Rg6 Rc2+ 47. Kb3 Rc5 48. Kb4 Rd5 49. Rxg7+ Kb6 50. Rg6+
Kc7 51. Rxh6 Rd4+ 52. Kc5 Rd1 53. b6+ Kb7 54. Rh7+ Ka8 55. Kc6 Rc1+ 56. Kd6
Rd1+ 57. Ke5 Re1+ 58. Kf5 Rb1 59. b7+ Ka7 60. Re7 Rb5+ 61. Kg4 Rd5 62. f5
Rd4+ 63. Kg5 Rd3 64. g4 Rd8 65. f6 Rg8+ 66. Rg7 Rf8 67. Kg6 Ka6 68. f7 Kxb7
69. Rg8 Rxf7 70. Kxf7 Kc7 71. Re8 Kd7 72. h5 Kd6 73. h6 Kd5 74. h7 Kd6 75.
h8=Q Kd7 76. Qd4+ Kc7 77. Re1 Kb7 78. Rc1 Ka6 79. Qb2 Ka5 80. Ra1#
{Black checkmated}
1-0

[Event "ICC tourney 2148 (70 10)"]
[Site "Internet Chess Club"]
[Date "2020.11.21"]
[Round "3"]
[White "anandurbarkar"]
[Black "butik666"]
[Result "1-0"]
[ICCResult "Black resigns"]
[WhiteElo "972"]
[BlackElo "622"]
[Opening "Three knights game"]
[ECO "C46"]
[NIC "KP.06"]
[Time "19:35:19"]
[TimeControl "4200+10"]

1. e4 e5 2. Nf3 Nc6 3. Nc3 Bc5 4. Bc4 d6 5. h3 Nf6 6. O-O O-O 7. a3 Be6 8.
Qe2 a6 9. b4 Bb6 10. Bb2 Nd4 11. Nxd4 Bxd4 12. Bxe6 fxe6 13. Rab1 d5 14.
exd5 Nxd5 15. Nxd5 exd5 16. Bxd4 exd4 17. Qe5 Re8 18. Qxd4 Re6 19. c4 dxc4
20. Qxc4 Qd7 21. Rfe1 Re8 22. Re2 Kh8 23. Rbe1 b5 24. Rxe6 Rf8 25. Qc6 Qxd2
26. Re8 Qxf2+ 27. Kh1 {Black resigns} 1-0

[Event "ICC tourney 2148 (70 10)"]
[Site "Internet Chess Club"]
[Date "2020.11.21"]
[Round "3"]
[White "vivekanand"]
[Black "Phineashrad"]
[Result "1/2-1/2"]
[ICCResult "Game drawn by mutual agreement"]
[WhiteElo "222"]
[BlackElo "1028"]
[Opening "Ruy Lopez: classical (Cordel) defense"]
[ECO "C64"]
[NIC "RL.01"]
[Time "19:35:06"]
[TimeControl "4200+10"]

1. e4 e5 2. Nf3 Nc6 3. Bb5 Bc5 4. O-O d6 5. c3 Bd7 6. d4 exd4 7. cxd4 Bb6 8.
Nc3 Nge7 9. Re1 a6 10. Bf1 Bg4 11. d5 Nd4 12. Be2 Nxe2+ 13. Qxe2 Ng6 14. h3
Bxf3 15. Qxf3 Ne5 16. Qg3 Qf6 17. Bg5 Qg6 18. Bf4 Qxg3 19. Bxg3 Nd3 20. Re2
O-O 21. Rd1 Ne5 22. Kh1 f5 23. f4 Nd7 24. Bh2 Rae8 25. Rde1 Nc5 26. g4 fxg4
27. hxg4 Nd3 28. Rf1 Ne5 29. g5 Ng6 30. f5 Bd4 31. Bg3 Be5 32. Kg2 Bxg3 33.
Kxg3 Re5 34. Rf3 Ne7 35. Kg4 b5 36. b4 c6 37. dxc6 Nxc6 38. a3 Nd4 39. Rfe3
Nxe2 40. Rxe2 Rc8 41. Nd5 Rc4 42. Kf4 Rd4 43. Re3 Kf7 44. Nb6 Re7 45. Nd5
Re5 46. Nb6 Rd1 47. Nd7 Re7 48. Nb6 Rf1+ 49. Kg4 h6 50. g6+ Ke8 51. Nd5 Rd7
52. Rf3 Rg1+ 53. Kh5 Rg5+ 54. Kh4 Rd8 55. Nc7+ Kd7 56. Ne6 Rg1 57. Nxd8 Kxd8
58. Rg3 Rxg3 59. Kxg3 Ke7 60. Kg4 Kf6 61. Kf4 h5 62. Kg3 Ke5 63. Kh4 Kf6 64.
Kxh5 Ke5 65. Kg4 {Game drawn by mutual agreement} 1/2-1/2

[Event "ICC tourney 2148 (70 10)"]
[Site "Internet Chess Club"]
[Date "2020.11.21"]
[Round "3"]
[White "ydouneed2know"]
[Black "arjunbidani"]
[Result "0-1"]
[ICCResult "White checkmated"]
[WhiteElo "996"]
[BlackElo "722"]
[Opening "Giuoco Piano"]
[ECO "C53"]
[NIC "IG.02"]
[Time "19:35:53"]
[TimeControl "4200+10"]

1. e4 e5 2. Nf3 Nc6 3. Bc4 Bc5 4. c3 Bb6 5. Qb3 Qf6 6. d3 h6 7. O-O Na5 8.
Qb5 Nxc4 9. Qxc4 d6 10. Be3 Be6 11. Qa4+ Bd7 12. Qd1 c5 13. c4 Ne7 14. Nc3
O-O 15. h3 Qg6 16. Nh4 Qf6 17. Nf3 Qg6 18. Kh2 f5 19. Nh4 Qh7 20. Nxf5 Nxf5
21. exf5 Bxf5 22. Re1 Bxd3 23. Qa4 Rad8 24. Nd5 Rf7 25. f4 Be4 26. fxe5 Bxd5
27. cxd5 dxe5 28. Rad1 Rfd7 29. Qb5 Bc7 30. Kh1 b6 31. Qc6 Bd6 32. Bf2 Rc7
33. Qb5 Qf5 34. Bg3 Kh7 35. Bh4 Rdd7 36. Rf1 Qh5 37. Bg3 c4 38. Rfe1 Rf7 39.
Rc1 Qg5 40. Qe8 Qxg3 41. Qe6 e4 42. Qxe4+ g6 43. Qxg6+ Kxg6 44. Re6+ Rf6 45.
Rxf6+ Kxf6 46. Rf1+ Kg7 47. Rf7+ Kxf7 48. b3 Qh2# {White checkmated} 0-1

[Event "ICC tourney 2148 (70 10)"]
[Site "Internet Chess Club"]
[Date "2020.11.21"]
[Round "3"]
[White "MegaSprout"]
[Black "RaphyL"]
[Result "1-0"]
[ICCResult "Black resigns"]
[WhiteElo "1120"]
[BlackElo "1053"]
[Opening "Evans gambit"]
[ECO "C52"]
[NIC "IG.05"]
[Time "19:35:09"]
[TimeControl "4200+10"]

1. e4 e5 2. Nf3 Nc6 3. Bc4 Bc5 4. b4 Bxb4 5. c3 Ba5 6. d4 exd4 7. Qb3 Qe7 8.
O-O dxc3 9. Nxc3 Bxc3 10. Qxc3 Nf6 11. Bg5 h6 12. Bxf6 gxf6 13. Rfe1 Ne5 14.
Bb3 Rg8 15. Nd4 d6 16. f4 c5 17. Ba4+ Kf8 18. Nc2 Nc6 19. Bxc6 bxc6 20. f5
Qe5 21. Qe3 Bb7 22. Qxh6+ Ke7 23. Qe3 Rh8 24. g3 Rh3 25. Re2 Ba6 26. Rg2 Rb8
27. Rd1 Rb2 28. Ne1 Rxg2+ 29. Kxg2 Rh8 30. Rb1 d5 31. Qxc5+ Qd6 32. Qxa7+
{Black resigns}
1-0

[Event "ICC tourney 2148 (70 10)"]
[Site "Internet Chess Club"]
[Date "2020.11.21"]
[Round "3"]
[White "CommanderWolffe"]
[Black "apiguponarock"]
[Result "0-1"]
[ICCResult "White resigns"]
[WhiteElo "1028"]
[BlackElo "938"]
[Opening "Bishop's opening: Berlin defense"]
[ECO "C24"]
[NIC "IG.04"]
[Time "19:35:38"]
[TimeControl "4200+10"]

1. e4 e5 2. Bc4 Nf6 3. d3 Bc5 4. Nc3 h6 5. h3 c6 6. Nf3 d6 7. a3 a5 8. O-O
O-O 9. Qe2 b5 10. Ba2 Be6 11. Nh4 Nbd7 12. Nf5 Bxf5 13. exf5 Re8 14. Ne4
Nxe4 15. Qxe4 d5 16. Qg4 Qf6 17. Bd2 Bb6 18. Rae1 Re7 19. Bc3 Qg5 20. Qf3
Rae8 21. Bd2 Qf6 22. Qg4 e4 23. Kh1 Ne5 24. Qh5 exd3 25. cxd3 Nxd3 26. Rxe7
Rxe7 27. Bc3 Bd4 28. Bxa5 Re5 29. Qf3 Nxb2 30. Bb1 Nc4 31. Be1 Qg5 32. Bd3
Nd2 33. Bxd2 Qxd2 34. f6 g5 35. Rd1 Re1+ 36. Rxe1 Qxe1+ 37. Kh2 Qe5+ 38. Kg1
Qxf6 39. Bf5 Kf8 40. Qd3 Ke7 41. Qe2+ Qe5 42. Qg4 Qe1+ 43. Kh2 Be5+ 44. f4
Bxf4+ 45. g3 Qf2+ 46. Kh1 Bxg3 47. Qb4+ c5 {White resigns} 0-1

[Event "ICC tourney 2148 (70 10)"]
[Site "Internet Chess Club"]
[Date "2020.11.21"]
[Round "3"]
[White "ccec28"]
[Black "DavidFantin"]
[Result "1-0"]
[ICCResult "Black checkmated"]
[WhiteElo "946"]
[BlackElo "1059"]
[Opening "French: Marshall variation"]
[ECO "C10"]
[NIC "FR.04"]
[Time "19:35:24"]
[TimeControl "4200+10"]

1. e4 e6 2. d4 d5 3. Nc3 c5 4. Nf3 Nc6 5. e5 c4 6. b3 Be7 7. bxc4 Bb4 8. Bd2
dxc4 9. Bxc4 a6 10. O-O Nxd4 11. Ng5 Nh6 12. Rb1 Qa5 13. Qe1 Nxc2 14. Qe4
Bxc3 15. Be3 Na3 16. Rbd1 Bxe5 17. Qd3 b5 18. Bb3 Bb7 19. Qd7+ Kf8 20. Bc5+
Kg8 21. Nxf7 Nxf7 22. Bxe6 Qc7 23. Bxf7# {Black checkmated} 1-0

[Event "ICC tourney 2148 (70 10)"]
[Site "Internet Chess Club"]
[Date "2020.11.21"]
[Round "3"]
[White "auggie29"]
[Black "jorgestgo"]
[Result "1-0"]
[ICCResult "Black resigns"]
[WhiteElo "1074"]
[BlackElo "130"]
[Opening "Philidor's defense"]
[ECO "C41"]
[NIC "KP.10"]
[Time "19:35:38"]
[TimeControl "4200+10"]

1. e4 e5 2. Nf3 d6 3. Bc4 h6 4. Nc3 a6 5. d4 exd4 6. Nxd4 Nf6 7. Be3 Ng4 8.
Qf3 Ne5 9. Qe2 Bd7 10. h3 Nbc6 11. Bd5 Be7 12. f4 Bh4+ 13. Bf2 Bxf2+ 14.
Qxf2 Ng6 15. Nxc6 Bxc6 16. O-O-O Bxd5 17. exd5 O-O 18. g4 Qf6 19. Rdf1 Rfe8
20. h4 Re7 21. Qg3 Qd4 22. h5 Nf8 23. g5 hxg5 24. fxg5 Rae8 25. g6 fxg6 26.
hxg6 Qe3+ 27. Qxe3 Rxe3 28. Rhg1 Nd7 29. Kd1 Nc5 30. Rf7 Ne4 31. Nxe4 R3xe4
32. Rxc7 Rd4+ 33. Kc1 Rxd5 34. Rxb7 Rc5 35. Rb6 d5 36. Rxa6 d4 37. Rd6 Rce5
38. Rxd4 Re1+ 39. Rd1 Rxd1+ 40. Rxd1 Kf8 41. Rd7 Re6 42. Rf7+ Kg8 43. b3
Rxg6 44. Rf1 Kh7 45. a4 Re6 46. Kb2 g5 47. Rg1 Kg6 48. Ka3 Kf5 49. Rf1+ Kg6
50. a5 g4 51. b4 Kg5 52. c4 g3 53. Ka4 Kg4 54. Rg1 Kf3 55. c5 g2 56. Kb5 Kg3
57. a6 Rf6 58. a7 Rf1 59. Rxg2+ Kxg2 60. a8=Q+ Kg1 61. Qg8+ Kf2 62. Qf7+ Ke1
63. Qxf1+ Kxf1 64. c6 Kf2 65. c7 Kg3 66. c8=Q Kf4 67. Ka4 Ke4 68. b5 Kd5 69.
b6 Kd6 70. b7 Ke7 71. b8=Q Kf7 72. Qc6 Ke7 73. Qbb7+ {Black resigns} 1-0